AoeStats
← ABdirtyoil

Arabia

505049073Analyzed
2v2 RM · 26d ago on Sep 7, 2026· 52m 56s· 4 players
Game mode
Random Map
Map size
Medium (4 player)
Population
200
Speed
Normal
Resources
Standard
Victory
Conquest
Starting age
Dark Age
Ending age
Imperial Age
RankedLock teamsTeams togetherTeam positionsShared explorationLock speedFull tech treeHidden civsTurbo modeCheats
Victory
Defeat
🇨🇦 Mapuche · Canada
937
+17
🇨🇦 Bohemians · Canada
926
+17
🇹🇷 Magyars · Türkiye
972
-17
🇲🇾 Gurjaras · Malaysia
943
-17
bischlar
3:20 Loom
10:48 Feudal Age
13:06 Double-Bit Axe
16:11 Horse Collar
20:30 Castle Age
19:03 Scale Mail Armor
19:42 Forging
22:24 Squires
22:42 Bow Saw
42:17 Imperial Age
43:57 Conscription
43:30 Town Watch
46:50 Pikeman
52:06 Ballistics
52:29 Coinage
52:02 Caravan
52:43 Man-at-Arms
ABdirtyoil
2:44 Loom
11:31 Feudal Age
11:59 Horse Collar
14:33 Double-Bit Axe
16:40 Gold Mining
18:43 Wheelbarrow
27:40 Castle Age
26:11 Fletching
26:22 Padded Archer Armor
28:22 Bodkin Arrow
27:49 Elite Skirmisher
28:39 Crossbowman
29:59 Leather Archer Armor
29:45 Scale Mail Armor
29:56 Forging
29:53 Stone Mining
32:08 Stone Shaft Mining
34:26 Hand Cart
34:59 Chain Mail Armor
36:55 Caravan
39:07 Town Watch
39:39 Malon
40:45 Gold Shaft Mining
40:11 Heavy Plow
42:33 Iron Casting
46:00 Imperial Age
43:32 Town Patrol
44:23 Bow Saw
43:34 Pikeman
47:21 Crop Rotation
47:08 Butalmapu
47:25 Conscription
47:16 Elite Bolas Rider
49:35 Blast Furnace
49:06 Ring Archer Armor
51:09 Ballistics
50:19 Halberdier
buraktan86
0:27 Loom
11:21 Feudal Age
20:00 Fletching
26:18 Castle Age
30:59 Double-Bit Axe
34:17 Husbandry
36:30 Corvinian Army
37:11 Horse Collar
37:47 Scale Barding Armor
38:43 Heavy Plow
38:36 Gold Mining
38:41 Stone Mining
40:55 Husbandry
41:20 Thumb Ring
42:08 Wheelbarrow
42:14 Bloodlines
44:09 Padded Archer Armor
45:52 Chain Barding Armor
45:48 Leather Archer Armor
49:03 Imperial Age
48:05 Town Watch
48:37 Hand Cart
50:18 Parthian Tactics
mikesandwash
9:35 Feudal Age
15:08 Castle Age
13:56 Stone Mining
15:02 Double-Bit Axe
15:09 Horse Collar
15:27 Gold Mining
15:38 Loom
23:46 Fletching
26:55 Heavy Plow
27:38 Wheelbarrow
27:30 Town Watch
32:14 Imperial Age
33:53 Bloodlines
33:44 Husbandry
37:36 Hand Cart
37:22 Town Patrol
44:45 Bodkin Arrow
49:39 Bow Saw
Connection lost

Rejoining the realm…

Still unreachable

The connection could not be restored.

Session expired

The server has moved on; the page needs a fresh start.